 Dungeon Crawl Stone Soup version 0.20-a0-640-g62ed22f (webtiles) character file.

1663321 murphy the Slayer (level 26, 266/266 HPs)
             Began as a Deep Dwarf Necromancer on Feb 12, 2017.
             Was the Champion of Makhleb.
             Escaped with the Orb
             ... and 3 runes!
             The game lasted 07:04:11 (70258 turns).

murphy the Slayer (Deep Dwarf Necromancer)         Turns: 70258, Time: 07:04:12

Health: 266/266    AC: 25    Str: 21    XL:     26   Next: 53%
Magic:  31/31      EV: 30    Int: 19    God:    Makhleb [******]
Gold:   2450       SH:  0    Dex: 27    Spells: 1/42 levels left

rFire    + + +     SeeInvis +   v - +7 battleaxe (vamp)
rCold    . . .     Gourm    .   S - +7 fire dragon scales {Xtahua}
rNeg     + + +     Faith    .   (shield currently unavailable)
rPois    +         Spirit   .   n - -2 hat of the Alchemist {rElec rPois rF+ rC+ rN+ MR+ rMut rCorr}
rElec    +         Reflect  .   j - scarf {repulsion}
rCorr    +         Harm     .   J - +2 pair of gloves {Dex+3}
rMut     +                      Y - +1 pair of boots of Contentment {MR++}
MR       +++++                  K - amulet "Qeemont" {+Rage rElec Dex+5}
Stlth    +.........             d - ring "Fiafoen" {MR- Str+4 Dex+2 SInv}
Regen    0.0/turn               x - ring of Louholos {rN+ Dex+2 Slay+3}
MPRegen  0.3/turn

@: non-regenerating, repel missiles
A: damage resistance, heal wounds, clumsy 1, negative energy resistance 1, sense
surroundings 3, slow regeneration 3
0: Orb of Zot
}: 3/15 runes: barnacled, silver, gossamer
a: Heal Wounds, Minor Destruction, Lesser Servant of Makhleb, Major Destruction,
Greater Servant of Makhleb, Renounce Religion, Evoke Berserk Rage


You escaped.
You worshipped Makhleb.
Makhleb was exalted by your worship.
You were not hungry.

You visited 10 branches of the dungeon, and saw 50 of its levels.
You visited 1 bazaar.
You also visited: Desolation.

You collected 6690 gold pieces.
You spent 4240 gold pieces at shops.

Inventory:

Hand Weapons
 m - the +6 battleaxe of Flawed Execution {speed, *Drain +Rage Stlth+}
   (You took it off a deep elf death mage on level 3 of the Elven Halls)

   Attacks with this weapon are significantly faster.
   It lets you go berserk.
   It causes draining when unequipped.
   It makes you more stealthy.
 v - a +7 vampiric battleaxe (weapon)
Missiles
 f - 16 javelins of penetration
 i - 13 throwing nets (quivered)
Armour
 j - a scarf of repulsion (worn)
 n - the -2 hat of the Alchemist (worn) {rElec rPois rF+ rC+ rN+ MR+ rMut rCorr}
   (You bought it in a shop in a bazaar)

   It protects you from fire.
   It protects you from cold.
   It insulates you from electricity.
   It protects you from poison.
   It protects you from negative energy.
   It affects your resistance to hostile enchantments.
   It protects you from acid and corrosion.
   It protects you from mutation.
 J - a +2 pair of gloves of dexterity (worn)
 S - +7 fire dragon scales (worn) {Xtahua}
 Y - the +1 pair of boots of Contentment (worn) {MR++}
   (You found it on level 10 of the Dungeon)

   It affects your resistance to hostile enchantments.
Jewellery
 b - the ring of Sitogh {Wiz +Blink rElec Str+4}
   (You took it off a vault guard on level 5 of the Vaults)

   [ring of wizardry]

   It improves your spell success rate.
   It affects your strength (+4).
   It insulates you from electricity.
   It lets you blink.
 d - the ring "Fiafoen" (right hand) {MR- Str+4 Dex+2 SInv}
   (You found it in the Desolation of Salt)

   [ring of see invisible]

   It affects your strength (+4).
   It affects your dexterity (+2).
   It affects your resistance to hostile enchantments.
   It lets you see invisible.
 e - an uncursed ring of protection from cold
 g - a +2 ring of slaying
 h - a +6 ring of intelligence
 x - the ring of Louholos (left hand) {rN+ Dex+2 Slay+3}
   (You found it in the Desolation of Salt)

   [ring of positive energy]

   It affects your dexterity (+2).
   It affects your accuracy and damage with ranged weapons and melee attacks
   (+3).
   It protects you from negative energy.
 K - the amulet "Qeemont" (around neck) {+Rage rElec Dex+5}
   (You took it off a deep elf death mage on level 3 of the Elven Halls)

   [amulet of rage]

   It affects your dexterity (+5).
   It insulates you from electricity.
   It lets you go berserk.
Wands
 y - a wand of digging (12/24) {@v1}
 z - a wand of enslavement (15/24) {@v2}
 B - a wand of clouds (3/9)
 L - a wand of iceblast (7/15)
 N - a wand of acid (5/15)
 R - a wand of clouds (2/9)
 T - a wand of confusion (22/48)
 X - a wand of acid (11/15)
 Z - a wand of paralysis (8/24)
Scrolls
 a - 5 scrolls of fear {@r5}
 o - 3 scrolls of fog {@r6}
 r - 4 scrolls of identify {@r1}
 t - 2 scrolls of immolation
 A - 11 scrolls of remove curse {@r2}
 D - a scroll of blinking {@r4}
 F - 10 scrolls of teleportation {@r3}
 I - 2 scrolls of magic mapping
 U - 3 scrolls of holy word
Potions
 c - 5 potions of heal wounds {@q2}
 l - 5 potions of mutation
 q - 12 potions of curing {@q1}
 u - 6 potions of agility {@q5}
 C - a potion of brilliance
 G - 8 potions of cancellation
 M - 3 potions of invisibility
 P - 3 potions of magic
 Q - 8 potions of resistance
 W - 4 potions of ambrosia
Miscellaneous
 k - a phial of floods
 s - 2 boxes of beasts
 w - a fan of gales (inert)
 H - a lamp of fire
 O - 3 sacks of spiders
Comestibles
 p - 26 royal jellies {@e2}
 E - 13 bread rations {@e1}


   Skills:
 + Level 21.5 Fighting
 - Level 19.0(20.0) Axes
   Level 11.0(15.5) Maces & Flails
 - Level 15.5 Armour
 - Level 21.3 Dodging
 - Level 2.4 Stealth
   Level 4.8 Shields
 - Level 8.7 Spellcasting
 - Level 5.0 Conjurations
 - Level 16.1 Necromancy
 - Level 17.3 Earth Magic
 - Level 13.4 Invocations
 - Level 16.0 Evocations


You had one spell level left.
You knew the following spells:

 Your Spells              Type           Power        Failure   Level  Hunger
a - Agony                 Necr           ######..     1%          5    #####..
b - Bolt of Draining      Conj/Necr      #####.....   10%         5    #####..
c - Corpse Rot            Necr           N/A          1%          2    None
d - Lee's Rapid Deconstr  Erth           ######....   1%          5    #####..
e - Animate Skeleton      Necr           N/A          1%          1    None
f - Animate Dead          Necr           N/A          1%          4    ###....
g - Dispel Undead         Necr           ######..     1%          5    #####..
h - Death Channel         Necr           ######....   4%          6    ######.
i - Control Undead        Necr           ######....   1%          4    ###....
p - Passwall              Tmut/Erth      #####.....   1%          2    None
z - Sublimation of Blood  Necr           ######....   1%          2    None


Dungeon Overview and Level Annotations

Branches:
Dungeon (15/15)            Temple (1/1) D:5            Lair (6/6) D:11
 Shoals (4/4) Lair:2       Spider (4/4) Lair:2        Slime (0/5) Lair:5
    Orc (2/2) D:9             Elf (3/3) Orc:2        Vaults (5/5) D:14
  Crypt (0/3) Vaults:2     Depths (5/5) D:15            Zot (5/5) Depths:5

Altars:
Ashenzari
Elyvilon
Fedhas
Gozag
Makhleb
Nemelex Xobeh
Sif Muna
Trog
Uskayaw
Vehumet
Xom
Yredelemnul
The Shining One
Beogh
Jiyva
Lugonu

Shops:
D:6 ?   Orc:2 [:[(*   Vaults:4 [   Vaults:5 (

Portals:
Hell: Depths:1 Depths:2 Depths:3 Depths:4 Depths:5
Abyss: Depths:2 Depths:3 Depths:4
Pandemonium: Depths:1 Depths:3
Ziggurat: Depths:1
Trove: D:13 (give 14 scrolls of teleportation)

Annotations:
D:5 Prince Ribbit
D:9 1 runed door
Lair:5 1 runed door
Lair:6 exclusion: 2 oklob plants
Elf:2 3 runed doors
Vaults:1 exclusion: 2 doors


Innate Abilities, Weirdness & Mutations

You are resistant to damage.
You can heal yourself by infusing magical energy.
You resist negative energy. (rN+)
You passively map a large area around you.
You do not regenerate.
You are clumsy. (Dex -2)


Message History

The soul eater misses you.
You hit the soul eater but do no damage.
The soul eater hits you but does no damage.
You slice the soul eater!! You closely miss the soul eater.
The soul eater closely misses you.
You slash the soul eater! The soul eater closely misses you.
You slice the soul eater like a ripe choko!!!
You kill the soul eater!
No target in view!
No target in view!
Unknown command.
(D) Dungeon (T) Temple (L) Lair (A) Shoals (N) Spider Nest (M) Slime Pits (O) Orcish Mines (E) Elven Halls (V) Vaults (C) Crypt (U) Depths (H) Hell (Z) Zot
Where to? (Enter - D:1 @ (x,y), ? - help)
There is an open door here.
There is an open door here.
There is a staircase leading out of the dungeon here.
You have escaped!

.#
#.##..P#...#...#...#
.#
#.##...#...#P..#P..#
.#
#.###'###'###'###'##
.#
#..#...............#
.#
#..'...............#
.#
#.##...............#
.#
#.###'###'###'###'##
.#
#.##..P#..P#P..#...#
.#
#.##...#P..#.@.#...#
.#
#.##################
.###.#.............#
.#...#.###########.#
##.###.#......# #.#
#.# #.######.####.#
##.# #..........##.#
...##########.#.##.#
............>.#.##.#


There were no monsters in sight!

Vanquished Creatures
  4 orbs of fire (Zot:5)
  Mara (Vaults:2)
  A juggernaut (Depths:5)
  4 ancient liches
  Sojobo (Vaults:2)
  The ghost of Heskey the Slayer, a veteran GrFi of Okawaru (Depths:4)
  2 curse toes
  Saint Roka (Elf:3)
  5 golden dragons
  7 Killer Klowns
  A bone dragon (Depths:5)
  the Enchantress (Depths:1)
  5 tentacled monstrosities
  2 electric golems (Zot:5)
  Rupert (D:13)
  27 Orb Guardians
  4 titans
  2 liches
  4 quicksilver dragons
  2 deep elf master archers (Elf:3)
  2 deep elf blademasters (Elf:3)
  An Executioner (D:13)
  3 sphinxes
  Frances (D:12)
  3 death cobs (Zot:4)
  A shadow dragon (Zot:4)
  5 acid blobs (Depths:4)
  10 storm dragons
  9 tengu reavers
  Ilsuiw (Shoals:4)
  The ghost of Shenda the Impaler, an adept DsBe of Trog (Spider:4)
  3 azure jellies (Depths:4)
  5 deep elf sorcerers
  Nessos (Lair:4)
  9 frost giants
  13 vault wardens
  9 fire giants
  An imperial myrmidon (Desolation)
  An orc warlord (Vaults:5)
  5 draconian knights
  An iron dragon (Vaults:5)
  5 emperor scorpions
  6 ghost moths
  2 draconian scorchers
  Louise (Depths:3)
  12 ironheart preservers
  7 very ugly things
  4 deep elf elementalists
  A draconian stormcaller (Zot:5)
  2 draconian shifters (Zot:5)
  A war gargoyle (Vaults:5)
  5 spriggan defenders
  A draconian annihilator (Zot:5)
  The ghost of nht the Severer, a journeyman BaBe of Trog (Lair:6)
  18 stone giants
  An entropy weaver (shapeshifter) (Vaults:5)
  2 entropy weavers
  6 green draconians
  3 vampire knights
  8 deep elf demonologists
  5 red draconians
  7 purple draconians
  3 black draconians
  2 yellow draconians
  2 halazid warlocks (Desolation)
  2 white draconians
  11 spark wasps
  The ghost of RogueShenanigans the Severer, a journeyman MiFi of Trog (Lair:4)
  5 deep elf annihilators
  9 ettins
  6 fire dragons
  3 death oozes (Depths:4)
  6 crystal guardians
  6 deep elf high priests
  Josephine (Lair:4)
  9 merfolk impalers
  17 yaktaur captains
  7 merfolk javelineers
  Fannar (D:11)
  5 ragged hierophants (Desolation)
  12 great orbs of eyes
  9 deep elf death magi (Elf:3)
  6 rakshasas
  The ghost of azzavlup the Fighter, a journeyman DsAK of Lugonu (Lair:2)
  4 servants of whispers (Desolation)
  Erolcha (D:11)
  8 ice dragons
  Harold (D:12)
  2 spriggan air magi
  2 catoblepae (Lair:6)
  29 vault guards
  10 peacekeepers (Desolation)
  An anaconda (Vaults:1)
  8 hydras
  3 alligator snapping turtles
  14 centaur warriors
  A death knight (Vaults:5)
  4 merfolk aquamancers
  31 two-headed ogres
  Erica (D:11)
  2 satyrs
  12 dancing weapons
  5 tengu warriors
  8 deep troll shamans
  4 death yaks
  9 ogre magi
  7 deep troll earth magi
  An orc high priest (Orc:2)
  2 hell hogs (Depths:4)
  3 spriggan berserkers
  Urug (Lair:4)
  3 hell knights (Depths:3)
  Nergalle (D:11)
  13 deep elf knights
  3 soul eaters
  2 shadow wraiths
  An iron troll (Depths:2)
  A sixfirhy (Depths:1)
  16 deep trolls
  12 sea snakes
  8 skeletal warriors (Vaults:2)
  A torturous demonspawn (Depths:3)
  4 unseen horrors
  A storm dragon skeleton (Vaults:3)
  A death drake (shapeshifter) (Vaults:3)
  5 glowing orange brains
  An obsidian statue (Vaults:3)
  3 wizards
  8 harpies (Shoals:4)
  24 deep elf archers
  4 flayed ghosts
  10 orb spiders
  20 ironbrand convokers
  Pikel (D:7)
  4 phantasmal warriors
  4 necromancers
  14 orc knights
  26 wolf spiders
  27 ugly things
  A frost giant zombie (Vaults:3)
  An orb spider (shapeshifter) (Depths:2)
  59 deep elf magi
  13 fauns
  5 orc sorcerers
  11 manticores
  2 fire giant zombies (Depths:2)
  A moth of wrath (shapeshifter) (Depths:1)
  11 cyclopes
  3 human zombies
  13 moths of wrath
  3 merfolk sirens
  A rust devil (Depths:1)
  A guardian serpent (Desolation)
  2 black mambas
  An elephant (Lair:4)
  2 torpor snails
  14 spiny frogs
  10 vault sentinels
  11 water nymphs
  A kobold demonologist (D:14)
  2 yaktaur zombies
  6 komodo dragons
  2 hellions
  2 small abominations (Elf:3)
  An efreet (D:15)
  6 freezing wraiths
  2 yaktaurs (shapeshifter)
  11 demonic crawlers
  2 yaktaur skeletons
  An ice devil (Depths:3)
  7 tengu conjurers
  A tormentor (Zot:5)
  50 yaktaurs
  4 hellwings
  The ghost of azzavlup the Chopper, an amateur NaBe of Trog (D:3)
  A red devil (Depths:1)
  37 merfolk
  A troll (shapeshifter) (Vaults:5)
  A wind drake (shapeshifter) (Vaults:4)
  7 trolls
  A jumping spider (shapeshifter) (Vaults:1)
  21 jumping spiders
  A polar bear (shapeshifter) (Vaults:4)
  A slime creature (shapeshifter) (Depths:2)
  3 wind drakes
  9 dream sheep
  19 blink frogs
  9 hornets
  A meliai zombie (D:11)
  55 saltlings (Desolation)
  37 slime creatures
  A raiju (shapeshifter) (Depths:1)
  A dream sheep (shapeshifter) (Vaults:4)
  8 snapping turtles
  13 hippogriffs
  A fire giant simulacrum (Vaults:5)
  A blink frog (shapeshifter) (Vaults:1)
  A snapping turtle (shapeshifter) (Vaults:2)
  3 shadows
  A frost giant simulacrum (Vaults:3)
  2 spriggans
  12 air elementals
  46 redbacks
  A yak (shapeshifter) (Vaults:3)
  Sigmund (D:2)
  4 basilisks
  6 wraiths
  A wyvern (D:10)
  15 water elementals
  48 yaks
  16 tarantellas
  A hog (shapeshifter) (Vaults:5)
  4 fire elementals
  2 humans (shapeshifter)
  A hungry ghost (D:13)
  4 vampire mosquitoes (D:15)
  2 spriggan simulacra (Depths:2)
  A soldier ant (D:9)
  8 wargs
  3 acid dragons
  10 water moccasins
  13 porcupines
  11 hell hounds (Depths:4)
  Edmund (D:4)
  2 floating eyes (Depths:5)
  2 floating eyes (shapeshifter)
  4 black bears
  2 ice beasts
  An orc zombie (Vaults:2)
  A hornet zombie (D:9)
  40 orc warriors
  5 sky beasts
  An elephant zombie (Lair:4)
  23 ogres
  4 phantoms
  33 centaurs
  4 wolves (Lair:6)
  6 boggarts (Vaults:1)
  6 crocodiles
  19 bullfrogs
  3 big kobolds
  A wyvern zombie (D:14)
  4 earth elementals
  A scorpion (shapeshifter) (Depths:2)
  7 scorpions
  5 killer bees (D:12)
  2 electric eels
  4 wights (D:11)
  4 crimson imps
  A basilisk zombie (Lair:4)
  3 centaur zombies
  2 quasits (Depths:3)
  A bullfrog zombie (D:12)
  6 hounds
  4 jellies
  22 orc priests
  A bullfrog skeleton (D:8)
  3 centaur skeletons
  2 iron imps (Depths:3)
  2 human skeletons
  An iguana (D:8)
  Natasha (twice) (D:4)
  30 orc wizards
  10 worker ants
  2 killer bee zombies
  A crocodile zombie (Lair:4)
  2 hound zombies
  2 hound skeletons
  9 gnolls
  12 adders
  3 shadow imps
  An ufetubus (Depths:3)
  5 oozes (Depths:4)
  An adder zombie (D:5)
  3 worms
  A dart slug (D:2)
  3 leopard geckos
  95 orcs
  3 ball pythons
  6 giant cockroaches
  6 goblins
  8 hobgoblins
  3 jackals (D:8)
  13 kobolds
  7 quokkas
  4 bats
  5 frilled lizards
  A goblin zombie (D:9)
  A jackal skeleton (D:5)
  A jackal zombie (D:5)
  A quokka skeleton (D:4)
  A rat (D:3)
  3 crawling corpses (Elf:3)
  6 fungi
  3 pillars of salt (Vaults:4)
  3 plants (Shoals:3)
1975 creatures vanquished.

Vanquished Creatures (collateral kills)
  Margery (Depths:3)
  Xtahua (Vaults:2)
  A Killer Klown (Zot:5)
  A golden dragon (Zot:3)
  Nikola (Spider:3)
  2 death cobs
  A shadow dragon (Vaults:5)
  A sphinx (Vaults:5)
  3 draconian monks
  A revenant (Vaults:2)
  A storm dragon (Depths:5)
  An orc warlord (Orc:2)
  A deep elf sorcerer (Vaults:5)
  2 vault wardens
  A frost giant (Depths:4)
  3 ghost moths
  A draconian scorcher (Zot:3)
  2 emperor scorpions
  An ironheart preserver (Vaults:3)
  2 deep elf elementalists (Vaults:5)
  A draconian annihilator (Zot:3)
  3 very ugly things
  A war gargoyle (Vaults:5)
  3 entropy weavers
  A green draconian (Zot:5)
  2 stone giants (Depths:1)
  2 white draconians (Zot:5)
  A yellow draconian (Zot:5)
  A black draconian (Zot:2)
  A red draconian (Zot:3)
  5 ettins
  3 spark wasps
  A merfolk impaler (Shoals:1)
  A deep elf high priest (Vaults:5)
  A ragged hierophant (Desolation)
  2 great orbs of eyes
  2 fire dragons
  5 yaktaur captains
  8 vault guards
  3 ice dragons
  A servant of whispers (Desolation)
  2 rakshasas
  A catoblepas (Lair:6)
  A peacekeeper (Desolation)
  2 satyrs
  2 death knights (Vaults:5)
  8 two-headed ogres
  2 centaur warriors (Depths:2)
  A merfolk avatar (Shoals:4)
  5 spriggan air magi
  3 deep troll shamans
  A dancing weapon (Elf:3)
  A deep troll earth mage (Depths:1)
  4 tengu warriors
  3 death yaks (Lair:6)
  A spriggan berserker (Depths:1)
  A deep elf knight (Vaults:4)
  A hell knight (Depths:3)
  2 skeletal warriors (Vaults:2)
  4 deep trolls
  2 iron trolls
  A sea snake (Shoals:4)
  2 wizards
  A glowing orange brain (Depths:3)
  An unseen horror (Vaults:1)
  A swamp dragon (Desolation)
  2 deep elf archers
  An ironbrand convoker (Vaults:5)
  11 orb spiders
  A harpy (shapeshifter) (D:15)
  2 deep elf magi
  2 necromancers
  5 harpies
  A mana viper (shapeshifter) (Depths:4)
  5 orc knights
  8 ugly things
  15 wolf spiders
  A manticore (shapeshifter) (Vaults:5)
  An iron dragon zombie (Depths:2)
  A salamander (shapeshifter) (Depths:4)
  2 orc sorcerers
  5 manticores
  5 fauns
  A salamander (D:15)
  2 vault sentinels
  4 elephants (Lair:4)
  A water nymph (Shoals:4)
  A frost giant skeleton (Vaults:5)
  A rust devil (Depths:1)
  A gargoyle (D:10)
  3 spiny frogs
  4 yaktaurs
  3 demonic crawlers
  A freezing wraith (Vaults:5)
  2 merfolk
  18 jumping spiders
  9 hornets
  A troll (D:13)
  2 slime creatures (Depths:1)
  10 blink frogs
  7 saltlings (Desolation)
  5 hippogriffs
  A dream sheep (Lair:6)
  2 snapping turtles
  35 redbacks
  20 tarantellas
  A shadow (D:13)
  3 spriggans
  A wraith (Lair:4)
  18 yaks
  An ettin skeleton (Vaults:5)
  2 water elementals (Depths:1)
  A wyvern (D:14)
  2 hungry ghosts
  4 water moccasins
  A porcupine (D:11)
  A sky beast (D:10)
  16 orc warriors
  2 black bears
  3 ogres
  An eye of draining (D:12)
  An elephant zombie (Lair:4)
  A boggart (Vaults:1)
  A wolf (Lair:6)
  A tengu (shapeshifter) (Depths:2)
  3 centaurs
  A crocodile (D:11)
  A scorpion (D:8)
  A wight (D:13)
  5 electric eels
  A crimson imp (D:13)
  A bullfrog zombie (D:13)
  A hound (D:8)
  6 orc wizards
  A jelly (Depths:4)
  5 orc priests
  A worker ant (D:5)
  Natasha (D:4)
  A river rat (shapeshifter) (Vaults:5)
  A white imp (Depths:3)
  A dart slug (D:2)
  15 orcs
  A giant cockroach (D:1)
  A hobgoblin (D:2)
  A jackal (D:8)
  3 bats (D:2)
  A goblin (D:2)
  4 kobolds
  6 fungi
  5 plants
460 creatures vanquished.

Vanquished Creatures (others)
  A fire giant (Vaults:3)
  A deep elf knight (Vaults:2)
  An orc knight (Vaults:3)
  A deep elf mage (Elf:2)
  An ugly thing (D:14)
  2 moths of wrath (Zot:5)
  A saltling (Desolation)
  A redback (Spider:1)
  A tarantella (Spider:3)
  A yak (D:12)
  Menkaure (D:7)
  A slave (D:7)
  A centaur (Depths:1)
  3 ogres
  A scorpion (D:7)
  A crimson imp (Zot:5)
  A hound (D:13)
  An orc priest (D:7)
  An orc wizard (D:7)
  2 orcs
  2 bushes (Lair:6)
  20 fungi
  14 plants
60 creatures vanquished.

Grand Total: 2495 creatures vanquished

Notes
Turn   | Place    | Note
-------+----------+-------------------------------------------
     0 | D:1      | murphy the Deep Dwarf Necromancer began the quest for the Orb.
     0 | D:1      | Reached XP level 1. HP: 15/15 MP: 3/3
   147 | D:1      | Reached skill level 1 in Fighting
   319 | D:1      | Reached XP level 2. HP: 22/25 MP: 0/4
   380 | D:1      | Learned a level 1 spell: Animate Skeleton
  1139 | D:2      | Reached XP level 3. HP: 27/33 MP: 0/5
  1535 | D:2      | Reached XP level 4. HP: 33/42 MP: 1/6
  1602 | D:2      | Noticed Sigmund
  1726 | D:3      | Noticed azzavlup's ghost (amateur NaBe)
  1912 | D:2      | Reached skill level 5 in Necromancy
  1960 | D:2      | Learned a level 3 spell: Vampiric Draining
  2118 | D:4      | Noticed Edmund
  2219 | D:3      | Found a glowing golden altar of the Shining One.
  2481 | D:3      | Found a white marble altar of Elyvilon.
  2481 | D:3      | Found a deep blue altar of Sif Muna.
  2481 | D:3      | Found a shimmering altar of Xom.
  2742 | D:3      | Found a bloodstained altar of Trog.
  2880 | D:4      | Noticed Natasha
  2885 | D:4      | Killed Natasha
  2885 | D:4      | Reached XP level 5. HP: 32/49 MP: 0/7
  2970 | D:4      | Found an opulent altar of Gozag.
  3026 | D:4      | Noticed Natasha
  3103 | D:4      | Killed Natasha
  3340 | D:4      | Noticed Natasha
  3450 | D:5      | Entered Level 5 of the Dungeon
  3450 | D:5      | Found a staircase to the Ecumenical Temple.
  3474 | Temple   | Entered the Ecumenical Temple
  3480 | Temple   | Became a worshipper of Makhleb the Destroyer
  3781 | D:5      | Reached XP level 6. HP: 40/57 MP: 8/8
  3827 | D:5      | Identified the Incunabulum of Boosting Fascination
  4425 | D:5      | Reached skill level 5 in Fighting
  4495 | D:5      | Reached XP level 7. HP: 38/67 MP: 2/9
  4579 | D:5      | Noticed Prince Ribbit
  5029 | D:6      | Reached * piety under Makhleb
  5278 | D:6      | Reached XP level 8. HP: 50/78 MP: 0/10
  5431 | D:6      | Found Tafeif's Magic Scroll Boutique.
  5541 | D:6      | Bought a scroll of teleportation for 39 gold pieces
  5541 | D:6      | Bought a scroll of identify for 26 gold pieces
  5541 | D:6      | Bought a scroll of identify for 26 gold pieces
  5541 | D:6      | Bought 3 scrolls of fog for 78 gold pieces
  5541 | D:6      | Bought a scroll of identify for 26 gold pieces
  6263 | D:7      | Noticed Pikel
  6271 | D:7      | Killed Pikel
  6496 | D:7      | Killed Menkaure
  7452 | D:8      | Gained mutation: You passively map the area around you. [Deep Dwarf growth]
  7452 | D:8      | Reached XP level 9. HP: 75/85 MP: 0/11
  7723 | D:8      | Reached ** piety under Makhleb
  7766 | D:8      | Noticed a two-headed ogre
  7767 | D:8      | Noticed a two-headed ogre
  7954 | D:8      | Found a burning altar of Makhleb.
  8023 | D:8      | Killed a two-headed ogre
  8023 | D:8      | Reached skill level 5 in Dodging
  8173 | D:8      | Killed a two-headed ogre
  8173 | D:8      | Reached skill level 5 in Evocations
  8775 | D:6      | Bought a scroll of torment for 97 gold pieces
  8866 | D:4      | Killed Natasha
  8913 | D:4      | Killed Edmund
  8913 | D:4      | Reached XP level 10. HP: 74/94 MP: 3/14
  9313 | D:3      | Killed azzavlup's ghost
  9313 | D:3      | Reached skill level 1 in Maces & Flails
  9555 | D:2      | Killed Sigmund
  9696 | D:9      | Found a shattered altar of Ashenzari.
 10390 | D:9      | Noticed a manticore
 10435 | D:9      | Reached *** piety under Makhleb
 10505 | D:9      | Killed a manticore
 10561 | D:9      | Found a staircase to the Orcish Mines.
 10960 | D:9      | Found a runed door.
 10964 | D:9      | Found a basalt altar of Yredelemnul.
 11099 | D:9      | Reached skill level 5 in Maces & Flails
 11193 | D:10     | Entered Level 10 of the Dungeon
 11275 | D:10     | Identified the Collected Works on the Escort and Stones
 11314 | D:10     | Identified the Volume of Dislocation
 11520 | D:10     | Identified the +7 rapier of Descent {vamp, Dex+4} (You found it on level 10 of the Dungeon)
 11730 | D:10     | Got a scorched whip
 11731 | D:10     | Identified the +8 whip of Hyiwk {flame, rPois SInv} (You found it on level 10 of the Dungeon)
 11836 | D:10     | Noticed a gargoyle
 11924 | D:10     | Noticed a two-headed ogre
 11930 | D:10     | Killed a two-headed ogre
 11961 | D:10     | Killed a gargoyle
 11967 | D:10     | Noticed an unseen horror
 11976 | D:10     | Reached XP level 11. HP: 100/100 MP: 15/15
 11988 | D:10     | Noticed a two-headed ogre
 11998 | D:10     | Killed a two-headed ogre
 12006 | D:10     | Reached **** piety under Makhleb
 12112 | D:10     | Killed an unseen horror
 12145 | D:10     | Got a pair of blackened boots
 12156 | D:10     | Identified the +1 pair of boots of Contentment {MR++} (You found it on level 10 of the Dungeon)
 12249 | D:11     | Noticed Fannar
 12260 | D:11     | Killed Fannar
 12269 | D:11     | Reached skill level 10 in Dodging
 12284 | D:11     | Noticed Erica
 12331 | D:11     | Noticed a green ugly thing
 12342 | D:11     | Killed a green ugly thing
 12556 | D:11     | Noticed Nergalle
 12577 | D:11     | Killed Nergalle
 12680 | D:11     | Found a staircase to the Lair.
 12691 | D:11     | Reached ***** piety under Makhleb
 12697 | D:11     | Noticed Erolcha
 12708 | D:11     | Killed Erolcha
 12880 | D:11     | Killed Erica
 13190 | Lair:1   | Entered Level 1 of the Lair of Beasts
 13380 | Lair:1   | Reached XP level 12. HP: 115/115 MP: 16/16
 14029 | Lair:1   | Reached skill level 10 in Fighting
 14208 | Lair:1   | Reached skill level 10 in Maces & Flails
 14614 | Lair:2   | Noticed azzavlup's ghost (journeyman DsAK)
 14699 | Lair:2   | Found a hole to the Spider Nest.
 15217 | Lair:2   | Killed azzavlup's ghost
 15308 | Lair:2   | Noticed a seven-headed hydra
 15323 | Lair:2   | Killed a seven-headed hydra
 15556 | Lair:2   | Found a staircase to the Shoals.
 16067 | Lair:3   | Noticed a death yak
 16104 | Lair:3   | Killed a death yak
 16295 | Lair:3   | Reached XP level 13. HP: 113/127 MP: 17/17
 16548 | Lair:3   | Learned a level 4 spell: Animate Dead
 17065 | Lair:4   | Noticed RogueShenanigans's ghost (journeyman MiFi)
 17228 | Lair:4   | Noticed Josephine
 17333 | Lair:4   | Learned a level 4 spell: Control Undead
 17467 | Lair:4   | Noticed Urug
 17486 | Lair:4   | Killed Urug
 17610 | Lair:4   | Noticed Nessos
 17787 | Lair:4   | Killed Josephine
 17893 | Lair:5   | Found a runed door.
 17893 | Lair:5   | Found a viscous altar of Jiyva.
 17893 | Lair:5   | Noticed an acid blob
 17893 | Lair:5   | Noticed an acid blob
 17894 | Lair:5   | Found a staircase to the Slime Pits.
 18101 | Lair:5   | Reached skill level 5 in Armour
 18752 | Lair:5   | Noticed an acid blob
 18823 | Lair:6   | Entered Level 6 of the Lair of Beasts
 18833 | Lair:6   | Noticed nht's ghost (journeyman BaBe)
 18893 | Lair:6   | Killed nht's ghost
 19236 | Lair:6   | Reached skill level 10 in Evocations
 19700 | Lair:6   | Reached ****** piety under Makhleb
 19913 | Lair:6   | Gained mutation: You resist negative energy. (rN+) [Deep Dwarf growth]
 19913 | Lair:6   | Reached XP level 14. HP: 35/135 MP: 22/22
 20628 | D:6      | Bought 2 scrolls of enchant armour for 195 gold pieces
 20628 | D:6      | Bought a scroll of holy word for 97 gold pieces
 20628 | D:6      | Bought a scroll of amnesia for 45 gold pieces
 20743 | D:12     | Reached skill level 1 in Invocations
 21027 | D:12     | Noticed Frances
 21269 | D:12     | Reached skill level 1 in Shields
 21491 | D:12     | Noticed Harold
 21502 | D:12     | Killed Harold
 22031 | Orc:1    | Entered Level 1 of the Orcish Mines
 22356 | Orc:2    | Entered Level 2 of the Orcish Mines
 22554 | Orc:2    | Reached skill level 5 in Invocations
 22583 | Orc:2    | Found a roughly hewn altar of Beogh.
 22585 | Orc:2    | Noticed an orc warlord
 22652 | Orc:2    | Killed an orc warlord
 22891 | Orc:2    | Found Onnie's Antique Armour Shoppe.
 23055 | Orc:2    | Found Hoysosm's Antique Armour Boutique.
 23130 | Orc:2    | Found Sawox's Book Boutique.
 23169 | Orc:2    | Found Sysebe's Antique Weapon Boutique.
 23197 | Orc:2    | Found a radiant altar of Vehumet.
 23289 | Orc:2    | Found Xocyexkujur's General Store.
 23295 | Orc:2    | Bought a scroll of immolation for 45 gold pieces
 23461 | Orc:2    | Found a staircase to the Elven Halls.
 23594 | Orc:2    | Bought an ancient scale mail for 288 gold pieces
 23604 | Orc:2    | Identified the cursed +1 scale mail of Perfidy {Str+3} (You bought it in a shop on level 2 of the Orcish Mines)
 23652 | Orc:2    | Bought a jewelled scale mail for 297 gold pieces
 23657 | Orc:2    | Identified the +3 scale mail "Bofost" {rPois} (You bought it in a shop on level 2 of the Orcish Mines)
 23918 | Orc:1    | Reached skill level 10 in Axes
 24256 | D:13     | Found a hide-covered altar of Uskayaw.
 24450 | D:13     | Noticed Rupert
 24470 | D:13     | Killed Rupert
 25039 | D:13     | Found a portal to a secret trove of treasure.
 25282 | D:14     | Reached XP level 15. HP: 69/141 MP: 23/23
 25519 | D:14     | Identified the Collected Works on Ensnaring Talismans
 25841 | D:14     | Found a gate to the Vaults.
 26237 | D:15     | Entered Level 15 of the Dungeon
 26646 | D:15     | Identified a scroll of acquirement
 26921 | D:15     | Found a staircase to the Depths.
 27407 | Lair:4   | Reached skill level 10 in Invocations
 27423 | Lair:4   | Killed RogueShenanigans's ghost
 27436 | Lair:4   | Killed Nessos
 28290 | Spider:1 | Entered Level 1 of the Spider Nest
 28303 | Spider:2 | Noticed a ghost moth
 28322 | Spider:2 | Killed a ghost moth
 31051 | Spider:2 | Reached XP level 16. HP: 137/150 MP: 14/24
 31631 | Spider:2 | Reached skill level 15 in Axes
 32020 | Spider:3 | Noticed an Executioner
 32445 | Spider:3 | Noticed Nikola
 32613 | Shoals:1 | Entered Level 1 of the Shoals
 34987 | Shoals:4 | Entered Level 4 of the Shoals
 35304 | Shoals:4 | Reached XP level 17. HP: 34/157 MP: 25/25
 35333 | Shoals:4 | Noticed Ilsuiw
 36012 | Shoals:4 | Killed Ilsuiw
 36497 | Shoals:4 | Got a barnacled rune of Zot
 36704 | Shoals:4 | Got a shimmering mace
 36706 | Shoals:4 | Identified the +10 mace of the Fulmar {freeze, rF++} (You found it on level 4 of the Shoals)
 37222 | Vaults:1 | Entered Level 1 of the Vaults
 38448 | Vaults:1 | Learned a level 2 spell: Corpse Rot
 38454 | Vaults:1 | Learned a level 5 spell: Agony
 39002 | Vaults:2 | Noticed Mara
 39099 | Vaults:2 | Noticed Sojobo
 39106 | Vaults:2 | Noticed murphy's illusion
 39508 | Vaults:2 | Noticed Xtahua
 39510 | Vaults:2 | Gained mutation: You passively map a large area around you. [Deep Dwarf growth]
 39510 | Vaults:2 | Reached XP level 18. HP: 168/168 MP: 24/24
 39547 | Vaults:2 | Killed Xtahua
 39568 | Vaults:2 | Learned a level 5 spell: Dispel Undead
 39793 | Vaults:2 | Identified the +6 glaive of Cheibriados's Anger {chop, rN+ Str+4 Int+3} (You found it on level 2 of the Vaults)
 39815 | Vaults:3 | Found a gateway to a bazaar.
 40203 | Vaults:3 | Reached skill level 10 in Necromancy
 41117 | Vaults:3 | Reached skill level 10 in Armour
 42071 | Vaults:4 | Found Woeppaas's Antique Armour Boutique.
 42108 | Vaults:4 | Found a ruined gateway.
 42125 | Desolati | Entered the Desolation of Salt
 42524 | Desolati | Reached XP level 19. HP: 104/175 MP: 25/25
 42619 | Desolati | Got a warped bronze ring
 42621 | Desolati | Identified the ring of Louholos {rN+ Dex+2 Slay+3} (You found it in the Desolation of Salt)
 42631 | Desolati | Got a citrine-encrusted plate armour
 42732 | Desolati | Identified the +2 plate armour of Cass {*Slow Regen+ Dex+3} (You found it in the Desolation of Salt)
 42879 | Desolati | Got a flickering glass ring
 42882 | Desolati | Identified the ring "Fiafoen" {MR- Str+4 Dex+2 SInv} (You found it in the Desolation of Salt)
 42942 | Desolati | Identified the Reference Book on the Evil Rocks
 42945 | Desolati | Identified the Grimoire of Aerial Calling
 43323 | Desolati | Identified the Papyrus of Displacement and Unholy Arts
 43358 | Desolati | Identified the Disquisition on the Blaze
 43361 | Desolati | Got a steaming helmet
 43372 | Desolati | Identified the cursed +0 helmet of Mutualism {rF+} (You found it in the Desolation of Salt)
 45281 | Bazaar   | Entered a bazaar
 45281 | Bazaar   | Found Vutal's Antique Armour Shop.
 45307 | Bazaar   | Found Rothruism's Antique Weapon Shop.
 45327 | Bazaar   | Found Ruej's General Store.
 45335 | Bazaar   | Bought a meat ration for 85 gold pieces
 45335 | Bazaar   | Bought 3 scrolls of fear for 178 gold pieces
 45355 | Bazaar   | Bought an embroidered scarf for 232 gold pieces
 45355 | Bazaar   | Bought the -2 hat of the Alchemist {rElec rPois rF+ rC+ rN+ MR+ rMut rCorr} for 1368 gold pieces
 45355 | Bazaar   | Bought a dazzling ring mail for 261 gold pieces
 45365 | Bazaar   | Identified the +2 ring mail of Spite {rC+ Str+5} (You bought it in a shop in a bazaar)
 45416 | Vaults:3 | Got a slimy hat
 45427 | Vaults:3 | Identified the +1 hat of Elitism {rN+ rCorr} (You acquired it on level 3 of the Vaults)
 45627 | Vaults:2 | Reached skill level 5 in Spellcasting
 45815 | Vaults:2 | Killed Mara
 45815 | Vaults:2 | Reached XP level 20. HP: 183/183 MP: 26/26
 46012 | Vaults:2 | Reached skill level 15 in Necromancy
 46029 | Vaults:2 | Killed Sojobo
 46033 | Vaults:2 | Found a staircase to the Crypt.
 46897 | Vaults:4 | Learned a level 6 spell: Death Channel
 47155 | Elf:1    | Entered Level 1 of the Elven Halls
 47373 | Elf:1    | Found a sparkling altar of Nemelex Xobeh.
 48376 | Elf:2    | Reached skill level 15 in Armour
 48376 | Elf:2    | Reached skill level 15 in Dodging
 48490 | Elf:2    | Found a runed gate.
 48490 | Elf:2    | Found a runed gate.
 48490 | Elf:2    | Found a runed gate.
 48930 | Elf:3    | Entered Level 3 of the Elven Halls
 48930 | Elf:3    | Noticed Saint Roka
 48950 | Elf:3    | Killed Saint Roka
 49924 | Elf:3    | Reached XP level 21. HP: 78/190 MP: 27/27
 50348 | Spider:3 | Killed Nikola
 50597 | Spider:4 | Entered Level 4 of the Spider Nest
 51271 | Elf:3    | Reached skill level 15 in Evocations
 51507 | Elf:3    | Got a translucent lapis lazuli ring
 51539 | Elf:3    | Identified the Catalogue of Talismans and Beguiling
 51546 | Elf:3    | Identified the cursed ring of Huzis {+Fly rF++ EV-3 Int+4} (You took it off a deep elf sorcerer on level 3 of the Elven Halls)
 51641 | Elf:3    | Identified the amulet "Qeemont" {+Rage rElec Dex+5} (You took it off a deep elf death mage on level 3 of the Elven Halls)
 51651 | Elf:3    | Identified the +6 battleaxe of Flawed Execution {speed, *Drain +Rage Stlth+} (You took it off a deep elf death mage on level 3 of the Elven Halls)
 51659 | Elf:3    | Got a heavily runed chain mail
 51665 | Elf:3    | Identified the +5 chain mail "Gosoozit" {Int+2} (You took it off a deep elf blademaster on level 3 of the Elven Halls)
 51998 | Depths:1 | Entered Level 1 of the Depths
 52020 | Depths:1 | Found a gateway to Hell.
 52052 | Depths:1 | Noticed the Enchantress
 52070 | Depths:1 | Killed the Enchantress
 52095 | Depths:1 | Got faerie dragon scales
 52106 | Depths:1 | Identified the +6 faerie dragon scales {rCorr Str+4} (You took it off the Enchantress on level 1 of the Depths)
 52181 | Depths:1 | Found a gateway to a ziggurat.
 52401 | Depths:1 | Found a one-way gate leading to the halls of Pandemonium.
 53310 | Depths:1 | Reached XP level 22. HP: 204/204 MP: 25/30
 53370 | Depths:1 | Learned a level 5 spell: Lee's Rapid Deconstruction
 53683 | Vaults:2 | Learned a level 5 spell: Bolt of Draining
 53783 | Vaults:1 | Reached skill level 1 in Conjurations
 54147 | Depths:2 | Found a one-way gate to the infinite horrors of the Abyss.
 54513 | Depths:2 | Reached skill level 5 in Conjurations
 54561 | Depths:2 | Reached skill level 1 in Earth Magic
 54824 | Depths:2 | Reached skill level 5 in Earth Magic
 55155 | Depths:2 | Identified the Disquisition on Changing
 55200 | Depths:2 | Identified the cursed +1 flail of Rora {freeze, Dex+2} (You found it on level 2 of the Depths)
 55213 | Depths:2 | Identified the Collected Works on Feathery Earth
 55366 | Depths:3 | Noticed Margery
 55370 | Depths:3 | Noticed a golden dragon
 55372 | Depths:3 | Killed Margery
 55392 | Depths:3 | Killed a golden dragon
 55524 | Depths:3 | Got a steaming wooden ring
 55526 | Depths:3 | Identified the cursed ring "Zeuzur" {rC- EV-2 Int+3 Slay+3} (You found it on level 3 of the Depths)
 55588 | Depths:3 | Reached skill level 10 in Earth Magic
 56640 | Depths:3 | Noticed Louise
 56647 | Depths:3 | Killed Louise
 57155 | Depths:4 | Noticed Heskey's ghost (veteran GrFi)
 57169 | Depths:4 | Noticed a golden dragon
 57172 | Depths:4 | Killed Heskey's ghost
 57180 | Depths:4 | Killed a golden dragon
 57344 | Depths:4 | Found a corrupted altar of Lugonu.
 57433 | Depths:4 | Reached XP level 23. HP: 211/211 MP: 31/31
 57441 | Depths:4 | Reached skill level 15 in Earth Magic
 57986 | Depths:5 | Entered Level 5 of the Depths
 58582 | Depths:5 | Found a gate to the Realm of Zot.
 58633 | Depths:5 | Noticed a juggernaut
 58648 | Depths:5 | Paralysed by a floating eye for 2 turns
 58653 | Depths:5 | Paralysed by a floating eye for 4 turns
 58995 | Vaults:2 | Learned a level 2 spell: Sublimation of Blood
 60006 | Depths:5 | Killed a juggernaut
 60039 | Depths:5 | Reached skill level 15 in Fighting
 61013 | Vaults:4 | Bought a pair of runed gloves for 337 gold pieces
 61058 | Vaults:5 | Entered Level 5 of the Vaults
 61101 | Vaults:5 | Got a silver rune of Zot
 61169 | Vaults:5 | Identified the cursed +1 long sword of Uncomfortable Rashes {speed, Str+4 Int+2 Stlth-} (You found it on level 5 of the Vaults)
 61288 | Vaults:5 | Noticed an ancient lich
 61292 | Vaults:5 | Killed an ancient lich
 61325 | Vaults:5 | Reached XP level 24. HP: 226/226 MP: 7/31
 61369 | Vaults:5 | Identified the cursed +0 great mace "Moguan" {venom, rElec} (You found it on level 5 of the Vaults)
 61399 | Vaults:5 | Paralysed by a floating eye for 4 turns
 61621 | Vaults:5 | Found Ytywn's Weapon Shop.
 61937 | Vaults:5 | Noticed an ancient lich
 61955 | Vaults:5 | Killed an ancient lich
 62134 | Vaults:5 | Got a sparkling jade ring
 62136 | Vaults:5 | Identified the ring "Xecoynn" {Wiz Stlth+} (You took it off a vault guard on level 5 of the Vaults)
 62276 | Vaults:5 | Got an ancient cloak
 62277 | Vaults:5 | Identified the cursed +0 cloak "Yhigih" {rF+ Regen+ Stlth-} (You found it on level 5 of the Vaults)
 62675 | Vaults:5 | Identified the ring of Sitogh {Wiz +Blink rElec Str+4} (You took it off a vault guard on level 5 of the Vaults)
 63275 | Spider:4 | Noticed Shenda's ghost (adept DsBe)
 63287 | Spider:4 | Killed Shenda's ghost
 63732 | Spider:4 | Got a gossamer rune of Zot
 64562 | Orc:2    | Bought a potion of mutation for 104 gold pieces
 64562 | Orc:2    | Bought a royal jelly for 26 gold pieces
 64562 | Orc:2    | Bought a royal jelly for 26 gold pieces
 64562 | Orc:2    | Bought a potion of curing for 39 gold pieces
 64562 | Orc:2    | Bought an uncursed ring of protection from fire for 325 gold pieces
 65649 | Zot:1    | Entered Level 1 of the Realm of Zot
 65890 | Zot:4    | Reached XP level 25. HP: 234/236 MP: 21/31
 66124 | Depths:3 | Learned a level 2 spell: Passwall
 66256 | Zot:5    | Entered Level 5 of the Realm of Zot
 66783 | Zot:5    | Noticed an ancient lich
 66795 | Zot:5    | Killed an ancient lich
 68293 | Zot:5    | Noticed an orb of fire
 68325 | Zot:5    | Killed an orb of fire
 68372 | Zot:5    | Noticed an ancient lich
 68380 | Zot:5    | Killed an ancient lich
 68509 | Zot:5    | Noticed an orb of fire
 68536 | Zot:5    | Killed an orb of fire
 68689 | Zot:5    | Reached XP level 26. HP: 218/260 MP: 21/31
 68764 | Zot:5    | Noticed an orb of fire
 68779 | Zot:5    | Killed an orb of fire
 68789 | Zot:5    | Noticed an orb of fire
 68789 | Zot:5    | Gained mutation: You are clumsy. (Dex -2) [an orb of fire]
 68814 | Zot:5    | Killed an orb of fire
 69571 | Zot:5    | Got the Orb of Zot
 69768 | Depths:4 | Noticed Teitioly the pandemonium lord
 69994 | D:12     | Killed Frances
 70153 | D:4      | Noticed Qosutoa the pandemonium lord
 70258 | D:$      | Escaped with the Orb!

Vault maps used:
D:1:      dpeg_arrival_prison, minmay_distorted
D:2:      uniq_sigmund
D:3:      gammafunk_temple_overflow_claw, lemuel_crystal_altar,
          trog_three_pillars_becter
D:4:      nicolae_gozag_seed_capital, first_bread, uniq_edmund, uniq_natasha
D:5:      minmay_temple_entry_trees, uniq_prince_ribbit1
D:6:      serial_shops, nicolae_shop_waterfront
D:7:      uniq_menkaure, uniq_pikel
D:8:      basic_altar
D:9:      cheibrodos_ashenzari_chains, orc_0_dummy, hangedman_pestilent_swarm,
          eino_small_chamber_without_monster, minmay_misc_feat_columns,
          dk_yredelemnul_ordeal
D:10:     kennysheep_windowed_halls
D:11:     lair_entry_dummy, uniq_erica, uniq_nergalle, uniq_erolcha, uniq_fannar
D:12:     uniq_harold, uniq_frances
D:13:     basic_altar, trove_entry_hex_spiral, grunt_ministairs_7, uniq_rupert
D:14:     erik_vaults_2, roderic_lattice_a
D:15:     hangedman_depths_entry_try_elsewhere_first,
          eino_small_chamber_without_monster, st_stairs_12
Temple:   eino_wide_crystal_templ
Lair:1:   grunt_megastairs_1
Lair:2:   statuecave_lemuel, minmay_shoals_entry_centaurs, spider_nest_entry_a,
          infiniplex_staircase_pool, lemuel_fruit_fields
Lair:3:   grunt_megastairs_5
Lair:4:   pond_and_an_island_with_a_cottage, uniq_nessos, uniq_josephine,
          uniq_urug
Lair:5:   slime_altar_2, minivault_25, serial_bayou_shore_a
Lair:6:   evilmike_catoblepas_cave, dpeg_oklob_1
Shoals:1: cheibrodos_shoals_oceanic_diplomacy
Shoals:3: nicolae_shoals_arrival_archipelago
Shoals:4: shoals_end_simple, shoals_ilsuiw_alternative,
          nicolae_shoals_cliffside_cave
Spider:3: uniq_nikola
Spider:4: guppyfry_spider_rune
Orc:2:    grunt_orc_cross, basic_altar, serial_shops, nicolae_shop_trees,
          lightli_orcish_oven
Elf:1:    kennysheep_underground_church, nemelex_altar_shiori
Elf:3:    elf_hall_gauntlet_narrow, minivault_28, uniq_saint_roka
Vaults:1: v_misc_11, grunt_vaults_twisty, vaults_room_corners,
          hangedman_vaults_cutoff, v_rooms_4, ontoclasm_vaults_loading_screen,
          vaults_dpeg_hooks, vaults_dpeg_cross, grunt_vaults_funnel,
          nicolae_vaults_asterisk
Vaults:2: hangedman_vaults_hard_town_square, vaults_room_door_hall,
          grunt_vaults_trifunnel, nicolae_vaults_rhombus_6,
          hangedman_vaults_capsules, nicolae_vaults_rhombus_6,
          ontoclasm_vaults_eye, v_misc_8, minmay_crypt_entry_simple_plaza,
          nicolae_vaults_rhombus_6, vaults_room_stairs_pillars,
          vaults_room_corners, nicolae_vaults_shelves_hall, uniq_sojobo,
          uniq_mara, uniq_xtahua
Vaults:3: nicolae_vaults_ring_of_whatevers, ontoclasm_vaults_tryst, v_misc_3,
          vaults_room_large_hall, ontoclasm_vaults_twist,
          nicolae_vaults_puzzle_piece, ontoclasm_vaults_echo,
          nicolae_vaults_ring_of_whatevers, serial_shops, statue_bzr
Vaults:4: vaults_mumra_bighexcomb, grunt_vaults_hallway_long,
          vaults_mumra_minichess_inversion, v_misc_10, v_misc_26, v_misc_32,
          vaults_room_octagon, ontoclasm_vaults_shuriken, v_rooms_4,
          ontoclasm_vaults_fault, vaults_mumra_minichess,
          portal_desolation_entry_garden, serial_shops, shop_statue
Depths:1: four-leaf_vault, enter_ziggurat_c, hell_entry, rand_demon_pan_entry_3,
          kennysheep_minor_cross, grunt_tough_drop, uniq_enchantress
Depths:2: minmay_stepped, grunt_hell_entry_dis_mu,
          abyss_entry_small_statue_room, feat_on_display,
          minmay_staircase_statues
Depths:3: kennysheep_oblong_rooms, minmay_stone_trees_small,
          nicolae_abyss_entry_one_way_or_another, hangedman_coc_ice_floe,
          grunt_pan_entry_in_and_out, infiniplex_staircase_spiral, uniq_margery
Depths:4: minmay_bloctagon_deflated, abyss_entry, special_room,
          grunt_hell_horde, hex_medium, minmay_gold_behind_fungi,
          tgw_lugonu_bribe
Depths:5: grunt_twist_and_shout, abandoned_shop, hell_entry,
          minmay_misc_feat_more_columns, hangedman_decor_clover_reticule,
          roderic_serpentine_path
Zot:1:    bh_zot_levy_curve
Zot:2:    basic_loot_grate_trap, hangedman_zot_decor_unnerving_road, st_stairs_3
Zot:4:    zot_minivault_3
Zot:5:    hangedman_zot_decor_scrapings, st_stairs_3
Bazaar:   bazaar_jpeg_cross

Skill      XL: |  1  2  3  4  5  6  7  8  9 10 11 12 13 14 15 16 17 18 19 20 21 22 23 24 25 26 |
---------------+-------------------------------------------------------------------------------+-----
Fighting       | 1 2 3 5 6 7 9 11 12 13 15 16 19 21 | 21.5
Necromancy     | 5 6 8 10 14 15 16 | 16.1
Axes           | 3 8 9 12 14 18 19 | 19.0
Dodging        | 7 9 10 12 14 16 17 21 | 21.3
Evocations     | 5 12 13 14 16 | 16.0
Maces & Flails | 6 9 11 | 11.0
Spellcasting   | 2 4 5 6 8 |  8.7
Armour         | 5 7 13 15 | 15.5
Invocations    | 6 12 13 | 13.4
Shields        | 4 |  4.8
Conjurations   | 5 |  5.0
Earth Magic    | 14 17 | 17.3
Stealth        | |  2.4

Action                   |  1- 3 |  4- 6 |  7- 9 | 10-12 | 13-15 | 16-18 | 19-21 | 22-24 | 25-27 || total
-------------------------+-------+-------+-------+-------+-------+-------+-------+-------+-------++-------
Melee: Unarmed           |     4 |       |       |       |       |       |       |       |       ||     4
       Short sword       |    32 |       |       |       |       |       |       |       |       ||    32
       Spear             |       |    34 |       |       |       |       |       |       |       ||    34
       Dagger            |       |    95 |    39 |       |       |       |       |       |       ||   134
       Hand axe          |       |       |    53 |       |       |       |       |       |       ||    53
       Whip              |       |       |    79 |   626 |  1513 |   101 |       |       |       ||  2319
       Dire flail        |       |       |       |   163 |       |       |       |       |       ||   163
       Battleaxe         |       |       |       |       |   154 |  1646 |  1750 |  1799 |   750 ||  6099
 Fire: Hunting sling     |       |    48 |    30 |       |       |       |       |       |       ||    78
Throw: Stone             |       |     1 |     1 |       |       |       |       |       |       ||     2
       Tomahawk          |       |       |       |     4 |       |       |       |       |       ||     4
       Javelin           |       |       |       |     2 |     2 |     4 |       |       |     1 ||     9
       Throwing net      |       |       |       |       |       |       |       |       |     4 ||     4
 Cast: Pain              |    39 |    45 |    51 |    77 |    47 |    13 |       |       |       ||   272
       Animate Skeleton  |    11 |    10 |    19 |    67 |    55 |    36 |    48 |    44 |     1 ||   291
       Vampiric Draining |       |    16 |    28 |    50 |    77 |    37 |       |       |       ||   208
       Animate Dead      |       |       |       |       |    68 |    55 |    24 |    27 |     6 ||   180
       Control Undead    |       |       |       |       |     5 |     9 |     5 |    11 |       ||    30
       Corpse Rot        |       |       |       |       |       |     3 |     1 |       |       ||     4
       Dispel Undead     |       |       |       |       |       |     2 |     5 |    21 |     7 ||    35
       Agony             |       |       |       |       |       |     2 |       |    15 |       ||    17
       Death Channel     |       |       |       |       |       |       |    10 |    35 |     7 ||    52
       Bolt of Draining  |       |       |       |       |       |       |       |    24 |       ||    24
       Lee's Rapid Decon |       |       |       |       |       |       |       |    11 |    20 ||    31
       Passwall          |       |       |       |       |       |       |       |       |     8 ||     8
       Sublimation of Bl |       |       |       |       |       |       |       |       |     4 ||     4
Invok: Greater Servant o |       |       |       |       |    10 |    12 |     1 |       |       ||    23
       Lesser Servant of |       |       |       |       |     3 |       |       |       |       ||     3
       Major Destruction |       |       |       |       |       |       |     1 |       |       ||     1
 Abil: Evoke Berserk Rag |       |       |    14 |    24 |    31 |    35 |    18 |       |     4 ||   126
       Heal Wounds       |       |       |     1 |       |     4 |     5 |       |       |       ||    10
Evoke: Wand              |       |       |       |     2 |    38 |    43 |     5 |     1 |     1 ||    90
       Phantom mirror    |       |       |       |       |       |     1 |       |       |       ||     1
       Phial of floods   |       |       |       |       |       |     2 |     2 |       |       ||     4
       Sack of spiders   |       |       |       |       |       |     1 |     2 |       |       ||     3
       Lamp of fire      |       |       |       |       |       |     1 |     2 |     1 |       ||     4
       Fan of gales      |       |       |       |       |       |       |       |       |     1 ||     1
  Use: Scroll            |       |     6 |     4 |    16 |    30 |    20 |    23 |    19 |     5 ||   123
       Potion            |       |       |       |     2 |    10 |    10 |     2 |     2 |     3 ||    29
 Stab: Distracted        |       |       |     1 |     3 |    19 |    20 |    30 |    65 |    15 ||   153
       Sleeping          |       |       |       |     2 |       |       |     2 |     7 |       ||    11
       Paralysed         |       |       |       |       |    14 |     4 |     1 |       |       ||    19
       Invisible         |       |       |       |       |       |     3 |       |       |       ||     3
       Held in net/web   |       |       |       |       |       |       |     1 |       |     3 ||     4
  Eat: Chunk             |     3 |     7 |    20 |    37 |    92 |    61 |    44 |    53 |       ||   317
       Fruit             |       |     1 |     2 |     5 |    18 |    11 |     2 |    12 |     1 ||    52
       Meat ration       |       |     1 |     3 |     2 |     7 |     4 |     3 |     5 |     2 ||    27
       Bread ration      |       |       |       |     1 |       |    10 |     1 |       |     4 ||    16
Armor: Ring mail         |    21 |    27 |    51 |   161 |    16 |       |       |       |       ||   276
       Scale mail        |       |       |       |       |   490 |   482 |       |       |       ||   972
       Fire dragon scale |       |       |       |       |       |   174 |   463 |    50 |   263 ||   950
       Acid dragon scale |       |       |       |       |       |       |    57 |   345 |       ||   402
Dodge: Dodged            |    33 |    58 |    97 |   500 |   993 |  1240 |  1382 |  1945 |   923 ||  7171
       Deflected         |       |       |       |       |       |       |    76 |    37 |    14 ||   127
Block: Buckler           |       |       |       |       |    25 |       |       |       |       ||    25
